 Dungeon Crawl Stone Soup version 0.31-a0-1626-g5cb510d322 (webtiles) character file.

Game seed: 6456239876813170161

1960 LustLizard the Gusty (level 9, 0/52 HPs)
             Began as a Deep Elf Air Elementalist on Jan 12, 2024.
             Was a Believer of Vehumet.
             Shot with an arrow by a centaur (11 damage)
             ... on level 6 of the Dungeon.
             The game lasted 00:17:58 (7547 turns).

LustLizard the Gusty (Deep Elf Air Elementalist)    Turns: 7547, Time: 00:17:59

Health: 0/52       AC:  4    Str:  7    XL:     9   Next: 0%
Magic:  4/21       EV: 13    Int: 23    God:    Vehumet [**....]
Gold:   274        SH:  0    Dex: 15    Spells: 8/22 levels left

rFire   . . .        n - +1 dagger (speed)
rCold   . . .        (no shield)
rNeg    . . .        a - +0 robe
rPois   .            y - +0 helmet
rElec   .            j - +0 cloak
rCorr   .            (no gloves)
SInv    +            (no boots)
Will    .....        (no amulet)
Stlth   +++          u - ring of see invisible
HPRegen 0.28/turn    (no ring)
MPRegen 0.17/turn

%: no passive effects
@: no status effects
A: no striking features
a: Renounce Religion


You were on level 6 of the Dungeon.
You worshipped Vehumet.
Vehumet was pleased with you.
You visited 2 branches of the dungeon, and saw 7 of its levels.
You also visited: Sewer.

You collected 274 gold pieces.

Inventory:

Hand Weapons
 n - a +1 dagger of speed (weapon)
Armour
 a - a +0 robe (worn)
 j - a +0 cloak (worn)
 y - a +0 helmet (worn)
Jewellery
 u - a ring of see invisible (left hand)
Wands
 e - a wand of roots (14)
 s - a wand of digging (7)
 v - a wand of polymorph (13)
Scrolls
 c - 4 scrolls of teleportation
 d - 4 scrolls of identify
 f - a scroll of revelation {unknown}
 k - 2 scrolls of poison {unknown}
 p - a scroll of summoning {unknown}
 q - a scroll of enchant weapon {unknown}
 r - a scroll of immolation {unknown}
 w - a scroll of fear {unknown}
Potions
 b - a potion of magic
 g - a potion of mutation {unknown}
 h - 3 potions of heal wounds
 i - 3 potions of brilliance
 l - 2 potions of invisibility
 m - 5 potions of curing
 o - a potion of might {unknown}
 t - 4 potions of enlightenment
 x - a potion of berserk rage {unknown}


   Skills:
 + Level 3.9 Fighting
 - Level 4.0 Dodging
 - Level 6.0 Stealth
 + Level 7.0 Spellcasting
 - Level 1.1 Conjurations
 - Level 4.0 Summonings
 * Level 7.6 Air Magic


You had 8 spell levels left.
You knew the following spells:

 Your Spells              Type           Power      Damage    Failure   Level
a - Shock                 Conj/Air       100%       1d9       1%          1
b - Static Discharge      Conj/Air       56%        3-6/arc   1%          2
c - Call Canine Familiar  Summ           26%        N/A       4%          3
d - Swiftness             Air            43%        N/A       1%          3
e - Airstrike             Air            21%        2d(4-20)  3%          4
f - Sting                 Conj/Alch      40%        1d5       6%          1

Your spell library contained the following spells:

 Spells                   Type           Power      Damage    Failure   Level
 Summon Small Mammal      Summ           100%       N/A       1%          1
 Gell's Gravitas          Tloc           8%         N/A       22%         3
 Teleport Other           Tloc           8%         N/A       22%         3
 Summon Blazeheart Golem  Fire/Summ      17%        N/A       32%         4
 Dispersal                Tloc           4%         N/A       100%        6


Dungeon Overview and Level Annotations

Branches:
Dungeon (6/15)             Temple (1/1) D:4           Sewer (visited)

Altars:
Ashenzari
Cheibriados
Dithmenos
Elyvilon
Fedhas
Gozag
Hepliaklqana
Kikubaaqudgha
Makhleb
Nemelex Xobeh
Okawaru
Qazlal
Ru
Sif Muna
Trog
Uskayaw
Vehumet
Xom
Yredelemnul
Zin
The Shining One

Annotations:
D:6 1 runed translucent door, exclusion: steam dragon, runemasterragnar's ghost, novice TrSh


Message History

Aiming: Airstrike (dangerous; 4% risk of failure)
Press: ? - help, Dir - move target, f/p - steam dragon
Aim: a steam dragon (heavily wounded, empty space bonus: 4/8)
The air twists around and strikes the steam dragon but does no damage.
Unknown command.
Casting: Airstrike (dangerous; 4% risk of failure)
Confirm with . or Enter, or press ? or * to list all spells.
Aiming: Airstrike (dangerous; 4% risk of failure)
Press: ? - help, Dir - move target, f/p - steam dragon
Aim: a steam dragon (heavily wounded, empty space bonus: 6/8)
The air twists around and strikes the steam dragon!
The steam dragon is almost dead.
The steam dragon breathes steam at you. The ball of steam hits you!
You start resting.
A steam dragon is nearby!
The steam dragon breathes steam at you. The ball of steam hits you!
Casting: Airstrike (dangerous; 4% risk of failure)
Confirm with . or Enter, or press ? or * to list all spells.
The steam dragon is struck by an arc of lightning.
You kill the steam dragon!
Vehumet accepts your kill.
You feel your power returning.
The steam dragon scales are intact enough to wear.
You are struck by an arc of lightning.
* * * LOW HITPOINT WARNING * * *
You are engulfed in a cloud of scalding steam.
* * * LOW HITPOINT WARNING * * *
Your Spellcasting skill increases to level 7!
You have reached level 9!
Your experience leads to an increase in your attributes!
Increase (S)trength, (I)ntelligence, or (D)exterity?
You feel clever. x2
Things that are here:
+0 steam dragon scales; a steam dragon corpse A centaur comes into view.
The centaur wields a +2 shortbow of flaming.
It bursts into flame!
The centaur shoots an arrow.
The arrow hits you!
You die...

#.. >.. #c# #.. #.#
#.. #.###########
#.. #...........#
#.. #ยง##.....##.#
#..
#[##.###.##.####..
#..#.# #..........
#@.#.###.##.####<.
#..#.....##.####..
#...........##....
#..#...####.##.##.
#..#.######.##.##.
###......)))........
#........$.#####....
#.##.#.###. #....
#........ ...###


You could see a centaur.

Vanquished Creatures
  A steam dragon (D:6)
  A water moccasin (D:5)
  2 black bears
  An ice beast (D:5)
  3 centaurs
  A phantom (D:5)
  3 scorpions
  A kobold brigand (Sewer)
  2 howler monkeys
  3 hounds
  A jelly (D:6)
  2 orc priests (D:5)
  A sleepcap (D:5)
  A gnoll bouda (D:4)
  5 orc wizards
  An iguana (D:5)
  4 gnolls (D:6)
  3 river rats (Sewer)
  8 adders
  A white imp (D:6)
  2 ufetubi (D:6)
  5 dart slugs
  4 ribbon worms
  17 orcs
  4 ball pythons
  6 endoplasms
  6 giant cockroaches
  4 goblins
  5 hobgoblins
  2 jackals (Sewer)
  2 quokkas
  A bat (D:1)
  A frilled lizard (D:3)
  11 kobolds
  11 rats
126 creatures vanquished.

Vanquished Creatures (collateral kills)
  Sigmund (D:5)
1 creature vanquished.

Grand Total: 127 creatures vanquished

Notes
Turn   | Place    | Note
-------+----------+-------------------------------------------
     0 | D:1      | LustLizard the Deep Elf Air Elementalist began the quest
                  | for the Orb.
     0 | D:1      | Reached XP level 1. HP: 10/10 MP: 6/6
   985 | D:2      | Reached XP level 2. HP: 15/15 MP: 5/8
  1046 | D:2      | Learned a level 2 spell: Static Discharge
  1193 | D:2      | Found a faded altar of an unknown god.
  2015 | D:3      | Reached XP level 3. HP: 20/20 MP: 3/9
  2019 | D:3      | Learned a level 3 spell: Call Canine Familiar
  2243 | D:3      | Reached skill level 1 in Summonings
  2274 | D:3      | Reached XP level 4. HP: 24/24 MP: 6/11
  2463 | D:3      | Reached skill level 1 in Fighting
  2905 | D:4      | Found a staircase to the Ecumenical Temple.
  2910 | Temple   | Entered the Ecumenical Temple
  2918 | Temple   | Became a worshipper of Vehumet
  2947 | D:4      | Noticed a scorpion
  2953 | D:4      | Learned a level 3 spell: Swiftness
  2954 | D:4      | Found a shimmering altar of Xom.
  3167 | D:4      | Reached XP level 5. HP: 25/29 MP: 4/12
  3589 | D:4      | Noticed a centaur
  3926 | D:4      | Reached XP level 6. HP: 32/34 MP: 0/14
  4342 | D:2      | Reached * piety under Vehumet
  4342 | D:2      | Offered knowledge of Freeze by Vehumet.
  4483 | D:5      | Entered Level 5 of the Dungeon
  4662 | D:5      | Noticed Sigmund
  4693 | D:5      | Killed Sigmund
  4694 | D:5      | Reached skill level 5 in Air Magic
  4694 | D:5      | Reached XP level 7. HP: 16/40 MP: 3/15
  4861 | D:5      | Found a glowing drain.
  4919 | Sewer    | Entered a sewer
  5014 | Sewer    | Learned a level 4 spell: Airstrike
  5044 | Sewer    | Reached skill level 5 in Spellcasting
  5150 | Sewer    | Found a white marble altar of Elyvilon.
  5377 | D:5      | Reached skill level 5 in Stealth
  5820 | D:5      | Reached XP level 8. HP: 45/45 MP: 15/18
  6155 | D:5      | Offered knowledge of Sting by Vehumet.
  6171 | D:5      | Learned a level 1 spell: Sting
  6316 | D:5      | Reached ** piety under Vehumet
  6913 | D:6      | Found a runed translucent door.
  6917 | D:6      | Noticed runemasterragnar's ghost (novice TrSh)
  7545 | D:6      | Reached XP level 9. HP: 10/52 MP: 3/21
  7547 | D:6      | Shot with an arrow by a centaur

Illustrated notes

Levels and vault maps discovered:
D:1:      hellmonk_arrival_library, layout_basic
D:2:      layout_basic, hellmonk_ecumenical_altar_pennies_from_heaven,
          minmay_misc_feat_square
D:3:      layout_rooms
D:4:      minmay_clustersquares, layout_cave_pods, mainiacjoe_overflow_alcove_4,
          minmay_temple_entry_wispy
D:5:      layout_basic, gup_sewer_entry_bubbles, uniq_sigmund
D:6:      layout_loops_ring, ebering_ghost_sewer_d
Temple:   nicolae_temple_bog_church

Skill      XL: |  1  2  3  4  5  6  7  8 |
---------------+-------------------------+-----
Dodging        | 3 4 |  4.0
Stealth        | 3 4 5 6 |  6.0
Summonings     | 1 2 3 4 |  4.0
Fighting       | 1 2 3 |  3.9
Air Magic      | 4 5 7 |  7.6
Spellcasting   | 4 5 7 |  7.0
Conjurations   | |  1.1

Action                     |  1- 3 |  4- 6 |  7- 9 || total
---------------------------+-------+-------+-------++-------
  Melee: Short sword       |     2 |       |       ||     2
         Dagger            |       |     8 |     4 ||    12
   Cast: Shock             |    71 |   108 |   102 ||   281
         Static Discharge  |     6 |    20 |    20 ||    46
         Call Canine Famil |       |     1 |       ||     1
         Airstrike         |       |       |    20 ||    20
         Swiftness         |       |       |     1 ||     1
    Use: Scroll            |       |     5 |       ||     5
 Armour: Robe              |    13 |    39 |    54 ||   106
  Dodge: Dodged            |     5 |    24 |    24 ||    53

Table legend: (Time is in decaauts)
 A = Elapsed time spent in this place.
 B = Non-inter-level travel time spent in this place.
 C = Inter-level travel time spent in this place.
 D = Time resting spent in this place.
 E = Time spent auto-exploring this place.
 F = Levels seen in this place.
 G = Mean time per level.
                   A        B        C        D        E       F      G
               +--------+--------+--------+--------+--------+-----+--------+
         Total |   7605 |   7305 |    300 |    792 |   5480 |   8 |  950.6 |
       Dungeon |   7282 |   6996 |    286 |    692 |   5330 |   6 | 1213.7 |
        Temple |     16 |      2 |     14 |      0 |      0 |   1 |   16.0 |
         Sewer |    306 |    306 |      0 |    100 |    150 |   1 |  306.0 |
               +--------+--------+--------+--------+--------+-----+--------+

Top non-repeatable levels by time:
     D:4: 2015 daAuts
     D:5: 1771 daAuts
     D:3: 1098 daAuts
     D:1: 926 daAuts
     D:2: 751 daAuts
     D:6: 718 daAuts
   Sewer: 306 daAuts
  Temple: 16 daAuts
